 Dungeon Crawl Stone Soup version 0.31.0-11-ge490571c62 (webtiles) character file.

Game seed: 15409363176175552979

556 Solx the Conjurer (level 7, 0/41 HPs)
             Began as an Octopode Conjurer on Feb 4, 2024.
             Slain by an orc wizard
             ... wielding a +0 dagger
              (2 damage)
             ... on level 3 of the Dungeon.
             The game lasted 00:12:02 (3816 turns).

Solx the Conjurer (Octopode Conjurer)               Turns: 3816, Time: 00:12:02

Health: 0/41       AC:  1    Str:  6    XL:     7   Next: 30%
Magic:  14/14      EV: 13    Int: 22    God:
Gold:   102        SH:  0    Dex: 11    Spells: 12/15 levels left

rFire   . . .        b - +1 dagger (venom)
rCold   . . .        (no shield)
rNeg    . . .        (helmet restricted)
rPois   .            (no amulet)
rElec   .            (no ring)
rCorr   .            (no ring)
SInv    .            (no ring)
Will    .....        (no ring)
Stlth   +++          (no ring)
HPRegen 0.26/turn    (no ring)
MPRegen 0.14/turn    (no ring)
                     (no ring)

%: no passive effects
@: no status effects
A: almost no armour, amphibious, 8 rings, camouflage 1, gelatinous body 1,
(nimble swimmer 1), tentacles
a: no special abilities


You were on level 3 of the Dungeon.
You visited 1 branch of the dungeon, and saw 3 of its levels.

You collected 102 gold pieces.

Inventory:

Hand Weapons
 b - a +1 dagger of venom (weapon)
Wands
 k - a wand of digging (7)
 m - a wand of polymorph (11)
Scrolls
 c - 2 scrolls of poison {unknown}
 f - a scroll of noise {unknown}
 h - a scroll of acquirement {unknown}
 j - a scroll of immolation {unknown}
 o - a scroll of identify {unknown}
 p - a scroll of enchant armour {unknown}
Potions
 a - a potion of magic
 d - 2 potions of degeneration {unknown}
 e - a potion of ambrosia {unknown}
 g - a potion of might {unknown}
 i - a potion of mutation {unknown}
 l - 2 potions of brilliance {unknown}
 n - a potion of enlightenment {unknown}


   Skills:
 - Level 2.9 Dodging
 - Level 4.0 Stealth
 + Level 4.8 Spellcasting
 + Level 6.3 Conjurations


You had 12 spell levels left.
You knew the following spells:

 Your Spells              Type           Power      Damage    Failure   Level
a - Magic Dart            Conj           100%       1d8       1%          1
b - Searing Ray           Conj           66%        2d6       1%          2

Your spell library contained the following spells:

 Spells                   Type           Power      Damage    Failure   Level
 Fulminant Prism          Conj/Alch      9%         3d7       28%         4
 Iskenderun's Mystic Bla  Conj/Tloc      19%        2d6       28%         4


Dungeon Overview and Level Annotations

Branches:
Dungeon (3/15)

Altars:
Okawaru
Uskayaw


Innate Abilities, Weirdness & Mutations

You cannot wear most types of armour.
You are amphibious.
You can wear up to eight rings at the same time.
Your skin changes colour to match your surroundings (Stealth+).
Your rubbery body absorbs attacks. (AC +1, EV +1)
((You are camouflaged when in or above water. (Stealth+)))
You have tentacles for arms and can constrict up to eight enemies at once.


Message History

The orc completely misses you.
You hit the orc.
The orc looks as sick as possible!
You grab the orc. You squeeze the orc.
You kill the orc!
You hear some strange, mumbled words.
A puff of flame appears from out of thin air!
The puff of flame hits you!
Items here: ( )) [ †.
You hear some strange, mumbled words.
You are confused.
The orc throws a boomerang.
The boomerang closely misses you.
You hit something but do no damage. Something barely misses you.
The orc throws a boomerang.
The boomerang hits you.
You bump into the crystal wall.
Something hits you.
The orc throws a boomerang.
The boomerang misses you.
You're too confused to move!
Something hits you.
You closely miss something.
You feel less confused. Something hits you.
You barely miss something. Your squeeze misses something. Something hits you.
You barely miss something. You hit the orc.
The orc is poisoned.
Your grab misses the orc.
The orc is moderately wounded.
Something hits you.
* * * LOW HITPOINT WARNING * * *
The orc hits you with a +0 short sword.
* * * LOW HITPOINT WARNING * * *
Unknown command.
Unknown command.
You hit the orc.
You kill the orc!
The dart slug launches a dart at you. The slug dart misses you.
You hear some strange, mumbled words.
A puff of flame appears from out of thin air!
The puff of flame hits you.
* * * LOW HITPOINT WARNING * * *
Unknown command.
You miss something. Something hits you.
You die...

.. #.[............### .
#................# .
#...o..o.#####.#.####
.!.....####.# ##.....##
..#o.#. ###.# #.......## (
#..#. #...## #........#
.......##....####........#
w# #......_..w){........#
. ....####....##@........#
#... ##...##.........# .
#.####........## .
#.####.........#
..#####..............#
.....<...###.........#
.........# #.........#
########## #.........#
##.......##


You could see a dart slug.

Vanquished Creatures
  Sigmund (D:2)
  A fire bat (D:3)
  A howler monkey (D:3)
  A jelly (D:3)
  Ijyb (D:2)
  Terence (D:3)
  7 adders
  2 dart slugs (D:1)
  4 orcs (D:3)
  6 endoplasms
  A giant cockroach (D:1)
  6 goblins
  5 hobgoblins
  2 jackals (D:1)
  4 quokkas
  5 ball pythons
  4 bats
  5 frilled lizards
  9 kobolds
  8 rats
74 creatures vanquished.

Notes
Turn   | Place    | Note
-------+----------+-------------------------------------------
     0 | D:1      | Solx the Octopode Conjurer began the quest for the Orb.
     0 | D:1      | Reached XP level 1. HP: 11/11 MP: 3/3
    95 | D:1      | Reached XP level 2. HP: 17/17 MP: 5/5
   489 | D:1      | Reached XP level 3. HP: 21/21 MP: 6/6
   492 | D:1      | Learned a level 2 spell: Searing Ray
  1466 | D:2      | Reached XP level 4. HP: 25/27 MP: 7/7
  1495 | D:2      | Noticed Sigmund
  1590 | D:2      | HP: 1/27 [poisoned by an adder]
  2093 | D:2      | Killed Sigmund
  2094 | D:2      | Reached skill level 5 in Conjurations
  2094 | D:2      | Reached XP level 5. HP: 8/31 MP: 5/10
  2094 | D:2      | Reached XP level 6. HP: 9/36 MP: 5/11
  2431 | D:3      | Noticed Ijyb
  2458 | D:2      | Killed Ijyb
  2665 | D:3      | Noticed Terence
  2846 | D:3      | Noticed Pargi
  2856 | D:3      | Pargi changed into Pargi the fire bat
  2856 | D:3      | Noticed Pargi
  2862 | D:3      | Killed Pargi the fire bat
  2863 | D:3      | Reached skill level 6 in Conjurations
  2863 | D:3      | Reached XP level 7. HP: 41/41 MP: 4/13
  3553 | D:3      | Killed Terence
  3651 | D:3      | Found a hide-covered altar of Uskayaw.
  3766 | D:3      | Found an iron altar of Okawaru.
  3815 | D:3      | HP: 1/41 [something/puff of flame (6)]
  3816 | D:3      | Slain by an orc wizard

Illustrated notes

Levels and vault maps discovered:
D:1:      ncdulo_lavacross, layout_loops_ring, lexackson_kobold_supper
D:2:      layout_basic, glass_columns_a, nicolae_elevator_lobby_plus,
          uniq_sigmund
D:3:      layout_rooms, lemuel_round_altar, nicolae_overflow_crystal_walls,
          uniq_pargi, uniq_ijyb, uniq_terence

Skill      XL: |  1  2  3  4  5  6 |
---------------+-------------------+-----
Stealth        | 3 4 |  4.0
Spellcasting   | 3 4 |  4.8
Conjurations   | 5 6 |  6.3
Dodging        | |  2.9

Action                     |  1- 3 |  4- 6 |  7- 9 || total
---------------------------+-------+-------+-------++-------
  Melee: Unarmed           |     5 |     9 |       ||    14
         Dagger            |    66 |    43 |    33 ||   142
         Constrict         |    17 |    13 |     5 ||    35
         Tentacles         |    10 |    10 |     8 ||    28
   Cast: Searing Ray       |       |     3 |     4 ||     7
  Evoke: Wand              |       |     2 |       ||     2
   Stab: Sleeping          |    11 |     7 |     4 ||    22
 Armour: Skin              |    15 |    23 |    21 ||    59
  Dodge: Dodged            |    36 |    27 |    21 ||    84
